Get step-by-step instructions on how to execute this build order below. Start the game timer, and the build order will tick by so you can play in parallel with StarCraft on a second screen or mobile device.

Game Time

  0:00

Last Step

  N/A

Next Step

Upcoming Step



Don't want to look back and forth between 2 screens? Try out our Overwolf App, the Spawning Tool Build Advisor to get an in-game overlay with this build!

Complete Build Order

  12  0:01  Probe (Chrono Boost)  
  13  0:10  Probe (Chrono Boost)  
  14  0:19  Pylon  
  14  0:22  Probe  
  15  0:37  Probe  
  16  0:49  Probe  
  17  1:01  Probe  
  18  1:10  Nexus  
  18  1:13  Probe  
  19  1:24  Gateway  
  19  1:25  Probe  
  20  1:37  Probe  
  21  1:42  Pylon  
  21  1:49  Assimilator, Probe  
  21  1:53  Assimilator  
  22  2:01  Probe  
  23  2:13  Probe  
  24  2:16  Forge  
  24  2:21  Cybernetics Core  
  24  2:25  Probe  
  25  2:32  Probe  
  26  2:38  Probe  
  27  2:45  Probe  
  27  2:50  Probe  
  29  2:54  Photon Cannon  
  29  2:57  Probe  
  30  3:02  Probe  
  31  3:08  Assimilator  
  31  3:09  Probe  
  32  3:14  Assimilator, Probe  
  33  3:21  Probe  
  33  3:26  Probe  
  35  3:33  Probe  
  36  3:38  Probe, Pylon  
  37  3:45  Probe  
  37  3:48  Stargate  
  38  3:50  Stargate, Probe  
  38  3:53  Pylon  
  39  3:57  Probe  
  39  4:02  Probe  
  41  4:09  Probe  
  42  4:14  Probe  
  43  4:21  Probe  
  44  4:26  Photon Cannon, Probe  
  45  4:33  Probe  
  45  4:36  Void Ray (Chrono Boost)  
  45  4:37  Void Ray (Chrono Boost)  
  54  4:39  Probe  
  55  4:45  Protoss Shields Level 1  
  55  4:46  Probe  
  55  4:47  Protoss Air Weapons Level 1 (Chrono Boost)  
  55  4:51  Probe  
  57  4:58  Probe  
  58  5:03  Probe  
  59  5:10  Probe  
  59  5:12  Nexus  
  60  5:15  Probe  
  60  5:20  Pylon  
  61  5:22  Probe  
  61  5:25  Pylon  
  62  5:29  Pylon  
  62  5:34  Pylon  
  62  5:38  Probe x2  
  66  5:44  Void Ray  
  70  5:50  Probe  
  70  5:54  Void Ray  
  71  6:03  Probe  
  72  6:15  Probe  
  73  6:27  Probe  
  78  6:38  Void Ray  
  78  6:51  Probe x2  
  80  6:55  Assimilator  
  80  6:57  Photon Cannon  
  80  6:58  Photon Cannon  
  80  7:00  Shield Battery  
  79  7:03  Probe  
  79  7:04  Shield Battery, Probe  
  79  7:05  Pylon  
  79  7:08  Assimilator  
  81  7:13  Assimilator  
  81  7:15  Probe  
  82  7:16  Probe  
  82  7:17  Pylon  
  91  7:26  Void Ray  
  91  7:27  Void Ray, Probe  
  91  7:28  Probe  
  91  7:29  Twilight Council  
  93  7:39  Probe  
  93  7:40  Probe  
  95  7:51  Probe  
  95  7:52  Probe  
  95  7:57  Photon Cannon  
  97  8:03  Probe  
  97  8:04  Probe  
  95  8:15  Probe  
  95  8:16  Probe  
  85  8:27  Probe  
  85  8:28  Probe  
  84  8:45  Probe  
  84  8:46  Probe  
  82  8:58  Probe x2  
  84  9:10  Photon Cannon, Probe  
  84  9:12  Shield Battery  
  85  9:30  Nexus  
  85  9:32  Probe  
  85  9:38  Probe  
  80  10:13  Pylon  
  80  10:25  Pylon  
  80  10:28  Stargate  
  80  10:29  Stargate  
  80  10:33  Stargate  
  80  10:41  Probe  
  81  10:53  Probe